[Event "Team 45 45 League T49"]
[Site "Internet Chess Club"]
[Date "2011.05.29"]
[Round "3"]
[White "Aquaman"]
[Black "cazj"]
[Result "1-0"]
[WhiteElo "1315"]
[BlackElo "1308"]
[Opening "Réti: King's Indian attack (Barcza system)"]
[ECO "A07"]
[Time "16:04:21"]
[TimeControl "2700+45"]

1. Nf3 d5 2. g3 Nc6 3. Bg2 e5 4. d3 Bf5 5. Nbd2 Nf6 6. O-O Bc5 7. e3 O-O 8. Re1
h6 9. h3 e4 10. dxe4 dxe4 11. Nh2 Re8 12. b3 Qd7 13. g4 Bg6 14. Bb2 Qe6 15. Bxf6
Qxf6 16. Nhf1 Bd6 17. a3 Rad8 18. Qe2 Be5 19. Rab1 Bc3 20. Red1 Qh4 21. Ng3 Bxd2
22. Rxd2 Rxd2 23. Qxd2 Ne5 24. Kh2 Nxg4+ 25. Kg1 Ne5 26. Kh2 Ng4+ 27. Kg1 Nf6
28. Qb4 Re5 29. Qe1 Bh5 30. Nxh5 Rxh5 31. Rd1 Rg5 32. Kf1 c6 33. f4 exf3 34.
Qxh4 fxg2+ 35. Kg1 Nd5 36. Rxd5 cxd5 37. Qf4 Kh7 38. Qxf7 h5 39. Qxb7 Kh6 40.
Qa6+ g6 41. Qxa7 h4 42. Qd4 Rg3 43. Qxh4+ {Black resigns} 1-0

[Event "Team 45 45 League T49"]
[Site "Internet Chess Club"]
[Date "2011.05.28"]
[Round "3"]
[White "chesskix"]
[Black "Invicta-Knight"]
[Result "1-0"]
[WhiteElo "1438"]
[BlackElo "1480"]
[Opening "English opening"]
[ECO "A22"]
[Time "10:00:34"]
[TimeControl "2700+45"]

1. c4 e5 2. Nc3 Nf6 3. d3 d5 4. cxd5 Nxd5 5. Bd2 Be7 6. g3 O-O 7. Bg2 c6 8. Nf3
Bf6 9. O-O Be6 10. Ne4 Qc7 11. Nc5 Bc8 12. Ne4 Be7 13. a3 Nd7 14. Neg5 f5 15.
Ne6 Qb6 16. Nxf8 Kxf8 17. Qc2 N5f6 18. Ng5 Bd6 19. Be3 Qd8 20. Ne6+ {Black
resigns} 1-0

[Event "Team 45 45 League T49"]
[Site "Internet Chess Club"]
[Date "2011.05.30"]
[Round "3"]
[White "Cicero"]
[Black "PsyMar"]
[Result "1-0"]
[WhiteElo "1355"]
[BlackElo "1383"]
[Opening "King's Indian: 6.Be2"]
[ECO "E91"]
[Time "14:00:33"]
[TimeControl "2700+45"]

1. d4 Nf6 2. c4 g6 3. Nc3 Bg7 4. e4 d6 5. Be2 O-O 6. Nf3 Nbd7 7. e5 dxe5 8. dxe5
Ng4 9. e6 fxe6 10. Ng5 Nxf2 11. Nxe6 Nxd1 12. Nxd8 Rxd8 13. Bxd1 Ne5 14. Be2
Nd3+ 15. Bxd3 Rxd3 16. O-O Bd4+ 17. Kh1 Bxc3 18. bxc3 Rxc3 19. Bh6 Bf5 20. Rf4
e5 21. Rf2 Rxc4 22. Raf1 Rh4 23. Bd2 Rd8 24. Bg5 Rg4 25. Bxd8 Bd3 26. Rf8+ Kg7
27. R1f7+ Kh6 28. h3 Ra4 29. g4 Rxa2 30. h4 Be4+ 31. Kg1 Rg2+ 32. Kf1 Rxg4 33.
Bg5+ Rxg5 34. hxg5+ Kxg5 35. Rxh7 c5 36. Ke1 Bf5 37. Rxf5+ Kxf5 38. Rxb7 Kf4 39.
Rxa7 e4 40. Ra5 c4 41. Rc5 g5 42. Rxc4 Kf3 43. Rc3+ e3 44. Kf1 g4 45. Rc2 Ke4
46. Ke2 g3 47. Rc4+ Kd5 48. Rg4 g2 49. Rxg2 Ke4 50. Rg3 Kf4 51. Rxe3 {Black
resigns} 1-0

[Event "Team 45 45 League T49"]
[Site "Internet Chess Club"]
[Date "2011.05.30"]
[Round "3"]
[White "JimGaming"]
[Black "PT105"]
[Result "0-1"]
[WhiteElo "1209"]
[BlackElo "1328"]
[Opening "Queen's pawn game, Chigorin variation"]
[ECO "D02"]
[Time "21:06:55"]
[TimeControl "2700+45"]

1. Nf3 d5 2. d4 Nc6 3. Nc3 Nf6 4. Bf4 a6 5. h3 Bf5 6. Nh4 Be4 7. f3 Bg6 8. Nxg6
hxg6 9. e4 dxe4 10. fxe4 Qxd4 11. Qxd4 Nxd4 12. Bd3 O-O-O 13. O-O-O e6 14. a3
Bc5 15. b4 Ba7 16. Bg5 Rd7 17. a4 e5 18. Bxf6 gxf6 19. Nd5 Rd6 20. Kb2 c6 21.
Ne3 Ne6 22. Nc4 Rd7 23. c3 Nf4 24. Kc2 Nxg2 25. Rhf1 b5 26. Rxf6 bxc4 27. Rxc6+
Kb7 28. Rxa6 Ne3+ 29. Kc1 Nxd1 30. Bxc4 Rxh3 31. Bd5+ Kxa6 32. Kxd1 Rxd5+ 33.
exd5 Rd3+ 34. Kc2 Rxd5 35. c4 Rd7 36. Kb3 e4 37. a5 e3 38. Ka4 e2 39. b5+ Kb7
40. a6+ Kb6 41. c5+ Kxc5 {White resigns} 0-1

[Event "Team 45 45 League T49"]
[Site "Internet Chess Club"]
[Date "2011.05.30"]
[Round "3"]
[White "Gilguli"]
[Black "Xanther"]
[Result "0-1"]
[WhiteElo "1393"]
[BlackElo "1446"]
[Opening "QGD semi-Slav"]
[ECO "D43"]
[Time "14:16:10"]
[TimeControl "2700+45"]

1. d4 d5 2. Nf3 Nf6 3. c4 c6 4. Nc3 e6 5. Bg5 Be7 6. cxd5 cxd5 7. Rc1 O-O 8. e3
Nc6 9. Bd3 Nd7 10. Bxe7 Qxe7 11. O-O Nf6 12. Nd2 e5 13. dxe5 Nxe5 14. Bb1 Bg4
15. Qb3 Rfd8 16. Nb5 Be2 17. Rc7 Rd7 18. Rfc1 Bxb5 19. Rc8+ Rxc8 20. Rxc8+ Rd8
21. Rxd8+ Qxd8 22. Qxb5 Qc7 23. Nb3 Nc4 24. Qc5 Qxc5 25. Nxc5 b6 26. Nd3 a5 27.
b3 Na3 28. Ne5 Nxb1 29. g4 Nc3 30. g5 Nfe4 31. f4 Nxa2 32. Nc6 Nc1 33. Ne7+ Kf8
34. Nxd5 Nxb3 35. Nxb6 Nec5 36. Nc4 a4 37. Na3 Ne4 38. Kf1 Ke7 39. Ke2 Kd6 40.
Kd3 Kd5 41. Nc4 Nbc5+ {White resigns} 0-1

[Event "Team 45 45 League T49"]
[Site "Internet Chess Club"]
[Date "2011.05.29"]
[Round "3"]
[White "Kristian1974"]
[Black "Oscar"]
[Result "1-0"]
[WhiteElo "1561"]
[BlackElo "1539"]
[Opening "Trompowsky attack (Ruth, Opocenský opening)"]
[ECO "A45"]
[Time "16:00:22"]
[TimeControl "2700+45"]

1. d4 Nf6 2. Bg5 d5 3. Bxf6 exf6 4. e3 Nc6 5. Nf3 Bf5 6. Bb5 Qd6 7. Nc3 Be7 8.
Nh4 Be6 9. Qd3 O-O 10. Nf5 Nb4 11. Nxe7+ Qxe7 12. Qe2 Bf5 13. Rc1 c6 14. Bd3
Nxd3+ 15. cxd3 Rfe8 16. O-O Rad8 17. Qf3 Bxd3 18. Rfe1 Qb4 19. Qd1 Bg6 20. Re2
Bh5 21. f3 f5 22. a3 Qd6 23. b4 Qg6 24. Qf1 Re6 25. b5 Rde8 26. bxc6 bxc6 27.
Rce1 Qg5 28. Qf2 Qe7 29. a4 Qa3 30. Rc2 Qe7 31. Rce2 Qa3 32. Rc2 Rb8 33. Rec1 f6
34. Qd2 Bg6 35. Ra2 Qe7 36. Kf2 Rb3 37. Re1 Qc7 38. f4 Re8 39. a5 Reb8 40. Na4
Rb1 41. Nc5 Bf7 42. Na6 Qb7 43. Nxb8 Rxe1 44. Rb2 Rd1 45. Qc2 {Black resigns}
1-0

[Event "Team 45 45 League T49"]
[Site "Internet Chess Club"]
[Date "2011.05.28"]
[Round "3"]
[White "arconia"]
[Black "oldprez"]
[Result "0-1"]
[WhiteElo "1257"]
[BlackElo "1351"]
[Opening "King's pawn opening"]
[ECO "B07"]
[Time "14:00:34"]
[TimeControl "2700+45"]

1. e4 d6 2. Nf3 Nf6 3. d3 g6 4. Nc3 Bg7 5. Be2 O-O 6. O-O Nbd7 7. Bg5 c5 8. Rb1
a6 9. d4 cxd4 10. Nxd4 Nc5 11. Bxf6 Bxf6 12. f4 Bd7 13. f5 e5 14. Nb3 Nxb3 15.
axb3 Qb6+ 16. Kh1 Qd4 17. Qe1 Qa7 18. Nd5 Bg5 19. h4 Bh6 20. Nf6+ Kg7 21. Nxd7
Rfc8 22. c4 Rc7 23. f6+ Kg8 24. Bg4 Qd4 25. Qg3 Qxe4 26. Bf5 Qc6 27. Nxe5 dxe5
28. Qxe5 Re8 29. Qg3 Qc5 30. Qg4 Kf8 31. Bc2 Re5 32. Rbd1 Rc8 33. b4 Qc7 34. Rd7
Qc6 35. Rfd1 Qxf6 36. Rxb7 Rce8 37. c5 Re1+ 38. Rxe1 Rxe1+ 39. Kh2 Qe5+ 40. g3
Qe2+ 41. Qxe2 Rxe2+ 42. Kh3 Rxc2 43. Rb8+ Ke7 44. c6 Rxc6 45. b5 axb5 46. Rxb5
Bc1 47. b4 Rc4 48. Rb7+ Kf6 49. b5 Rb4 50. Rc7 Bb2 51. b6 Rxb6 {White resigns}
0-1

[Event "Team 45 45 League T49"]
[Site "Internet Chess Club"]
[Date "2011.05.27"]
[Round "3"]
[White "doublepar"]
[Black "drago"]
[Result "1-0"]
[WhiteElo "1423"]
[BlackElo "1129"]
[Opening "QGD: 4.Bg5"]
[ECO "D38"]
[Time "19:23:08"]
[TimeControl "2700+45"]

1. d4 e6 2. c4 d5 3. Nc3 Nf6 4. Bg5 Bb4 5. Nf3 Bxc3+ 6. bxc3 Bd7 7. e3 h6 8. Bh4
g5 9. Bg3 b6 10. Qc2 Ne4 11. cxd5 exd5 12. c4 Bf5 13. Bd3 Nxg3 14. hxg3 Bxd3 15.
Qxd3 dxc4 16. Qxc4 Nd7 17. Rc1 Rc8 18. Qb5 f6 19. Rc6 a6 20. Re6+ Kf7 21. Qf5 c5
22. Ne5+ Nxe5 23. dxe5 Rc6 24. Rxc6 Kg8 25. Rc8 {Black resigns} 1-0

[Event "Team 45 45 League T49"]
[Site "Internet Chess Club"]
[Date "2011.05.28"]
[Round "3"]
[White "doublepar"]
[Black "Just-Jim"]
[Result "1-0"]
[WhiteElo "1437"]
[BlackElo "1374"]
[Opening "Ruy Lopez: old Steinitz defense"]
[ECO "C62"]
[Time "11:00:30"]
[TimeControl "2700+45"]

1. e4 e5 2. Nf3 Nc6 3. Bb5 d6 4. d4 Bd7 5. d5 Nce7 6. Bxd7+ Qxd7 7. c4 Nf6 8.
Nc3 h6 9. O-O Nh7 10. Be3 Ng6 11. Qb3 c5 12. Qb5 a6 13. Qxd7+ Kxd7 14. a4 Be7
15. a5 Rhf8 16. Na4 Bd8 17. b4 Nf4 18. bxc5 Rb8 19. cxd6 Nf6 20. Nxe5+ Ke8 21.
d7+ Nxd7 22. Nxd7 Kxd7 23. Bxf4 Rc8 24. Rac1 Re8 25. Rfe1 Bxa5 26. Re2 Bd8 27.
c5 b5 28. c6+ Ke7 29. d6+ Kf8 30. d7 Ba5 31. dxe8=Q+ Kxe8 32. Rc5 Bb4 33. Nb6
Rd8 34. Rd5 Kf8 35. Rxd8+ {Black resigns} 1-0

[Event "Team 45 45 League T49"]
[Site "Internet Chess Club"]
[Date "2011.05.30"]
[Round "3"]
[White "dabodhi"]
[Black "jjaillet2007"]
[Result "0-1"]
[WhiteElo "1201"]
[BlackElo "1315"]
[Opening "French: advance variation"]
[ECO "C02"]
[Time "21:00:11"]
[TimeControl "2700+45"]

1. e4 e6 2. d4 d5 3. e5 c5 4. c3 Nc6 5. Bb5 Qb6 6. Ba4 cxd4 7. Bxc6+ bxc6 8.
cxd4 Bb4+ 9. Nc3 Ne7 10. a3 Bxc3+ 11. bxc3 O-O 12. Bg5 Nf5 13. Rb1 Qc7 14. Ne2
h6 15. Bd2 c5 16. O-O Ba6 17. Re1 cxd4 18. cxd4 Bxe2 19. Qxe2 Nxd4 20. Qg4 Nf5
21. Bf4 Qe7 22. g3 Qxa3 23. Bd2 a5 24. Ra1 Qc5 25. Rec1 Qd4 26. Qe2 Qe4 27. Qxe4
dxe4 28. Bxa5 Nd4 29. Rcb1 Rfb8 30. Rxb8+ Rxb8 31. Bc7 Rc8 32. Bb6 Ne2+ 33. Kf1
Rc1+ 34. Rxc1 Nxc1 35. Be3 Nd3 36. Ke2 Nxe5 37. h3 f5 38. Bf4 Ng6 39. Be3 Kf7
40. Bd4 e5 41. Bb6 f4 42. Bd8 fxg3 43. fxg3 Nf4+ 44. gxf4 exf4 45. Bb6 Ke6 46.
Bc7 f3+ 47. Kf2 Kf5 48. Bh2 g5 49. Bd6 h5 50. Bc7 h4 51. Bd6 g4 52. hxg4+ Kxg4
53. Be5 Kh3 54. Bf4 Kg4 55. Be5 Kh3 56. Bf4 Kg4 57. Be5 h3 58. Bd6 Kf5 59. Kg3
Ke6 60. Bc5 Kd5 61. Be3 Kc4 62. Kxh3 Kd3 63. Bg1 e3 64. Bxe3 Kxe3 65. Kg3 Ke2
66. Kh2 f2 67. Kg2 f1=Q+ {White resigns} 0-1

[Event "Team 45 45 League T49"]
[Site "Internet Chess Club"]
[Date "2011.05.28"]
[Round "3"]
[White "joaoazm"]
[Black "chiyeunglau"]
[Result "1/2-1/2"]
[WhiteElo "1170"]
[BlackElo "1096"]
[Opening "Caro-Kann: Hillbilly attack"]
[ECO "B10"]
[Time "20:00:21"]
[TimeControl "2700+45"]

1. e4 c6 2. Bc4 Nf6 3. d3 d5 4. exd5 cxd5 5. Bb5+ Nc6 6. Bxc6+ bxc6 7. Nf3 Bg4
8. h3 Bxf3 9. Qxf3 e5 10. O-O e4 11. Qe3 Bd6 12. c3 O-O 13. Nd2 Qe7 14. Re1 Rae8
15. d4 c5 16. Nb3 c4 17. Nc5 Bxc5 18. dxc5 Qe5 19. Bd2 Rd8 20. Qd4 Qxd4 21. cxd4
Rfe8 22. Be3 Rc8 23. Rec1 Rb8 24. Rab1 a5 25. b3 Rb4 26. bxc4 Rxb1 27. Rxb1 dxc4
28. a4 Nd5 29. Rc1 c3 30. f3 Nxe3 31. Rxc3 Nd1 32. Rc1 Ne3 33. fxe4 Rxe4 34. c6
Nd5 35. c7 Nxc7 36. Rxc7 g6 37. Ra7 f5 38. Rxa5 Rxd4 39. Ra8+ Kg7 40. a5 Kh6 41.
a6 Kg5 42. Rb8 Ra4 43. Rb7 Kf4 44. a7 Kg3 45. Kf1 f4 46. Rb4 Rxa7 47. Rb3+ Kh2
48. Kf2 Ra2+ 49. Kf3 Rxg2 50. Kxf4 g5+ 51. Kf5 h6 52. Kg6 Rg3 53. Rb2+ Rg2 54.
Rb3 g4 55. hxg4 Rxg4+ 56. Kxh6 Rg3 57. Rxg3 Kxg3 {Game drawn because neither
player has mating material} 1/2-1/2

[Event "Team 45 45 League T49"]
[Site "Internet Chess Club"]
[Date "2011.05.30"]
[Round "3"]
[White "theartist"]
[Black "Mclintock45"]
[Result "1-0"]
[WhiteElo "1168"]
[BlackElo "925"]
[Opening "QGD Slav/Grünfeld: Schlechter variation"]
[ECO "D15"]
[Time "10:16:53"]
[TimeControl "2700+45"]

1. d4 d5 2. c4 c6 3. Nf3 Nf6 4. Nc3 g6 5. e3 Bg4 6. h3 Bxf3 7. Qxf3 Bg7 8. Bd3
O-O 9. O-O e6 10. Rd1 Nbd7 11. e4 dxe4 12. Bxe4 c5 13. Bxb7 Rb8 14. Be3 cxd4 15.
Bxd4 Qc7 16. Ba6 e5 17. Be3 e4 18. Qe2 Ne5 19. Rab1 Qd6 20. Rxd6 Nh5 21. b3 Rbd8
22. Rxd8 Rxd8 23. Rd1 Rxd1+ 24. Qxd1 h6 25. Nxe4 f5 26. Qd5+ Kh7 27. Bd4 fxe4
28. Bxe5 Bxe5 29. Qxe5 e3 30. Qxe3 Nf6 31. Qe7+ Kh8 32. Qxf6+ Kh7 33. c5 h5 34.
Bd3 a6 35. Qxg6+ Kh8 36. Qh7# {Black checkmated} 1-0

[Event "Team 45 45 League T49"]
[Site "Internet Chess Club"]
[Date "2011.05.27"]
[Round "3"]
[White "Cicero"]
[Black "Lyko"]
[Result "1-0"]
[WhiteElo "1336"]
[BlackElo "1362"]
[Opening "Vienna game"]
[ECO "C25"]
[Time "15:00:07"]
[TimeControl "2700+45"]

1. e4 e5 2. Nc3 Bc5 3. Bc4 Nf6 4. d3 h6 5. f4 exf4 6. Bxf4 d6 7. Nge2 Ng4 8. d4
Bb4 9. O-O O-O 10. a3 Bxc3 11. Nxc3 Kh8 12. Ba2 f5 13. Nd5 fxe4 14. Ne3 Qh4 15.
Bg3 Qg5 16. Rxf8+ {Black resigns} 1-0

[Event "Team 45 45 League T49"]
[Site "Internet Chess Club"]
[Date "2011.05.27"]
[Round "3"]
[White "PsyMar"]
[Black "IanT"]
[Result "1-0"]
[WhiteElo "1402"]
[BlackElo "1327"]
[Opening "Scotch game"]
[ECO "C45"]
[Time "21:00:05"]
[TimeControl "2700+45"]

1. e4 e5 2. Nf3 Nc6 3. d4 exd4 4. Nxd4 Bc5 5. Be3 Bxd4 6. Bxd4 Nxd4 7. Qxd4 Nf6
8. Be2 O-O 9. e5 Ne8 10. O-O d6 11. Nc3 Be6 12. Rad1 f6 13. f4 fxe5 14. fxe5
Rxf1+ 15. Bxf1 c5 16. Qe4 Qb6 17. Bc4 Bxc4 18. Qxc4+ Kh8 19. Na4 Qc6 20. exd6
Nxd6 21. Qxc5 Qxc5+ 22. Nxc5 Nc4 23. b3 Ne3 24. Rd7 b6 25. Ne6 Re8 26. Nd4 Rf8
27. Nf3 Nxc2 28. Rxa7 Nb4 29. a4 h6 30. Rb7 Rf6 31. a5 bxa5 32. Rb5 Ra6 33. Nd2
Nd3 34. Nc4 Re6 35. h3 Ra6 36. Rxa5 Rxa5 37. Nxa5 Nb4 38. Kf2 Kh7 39. Ke3 Kg6
40. Kd4 Kf5 41. g3 g5 42. Nc4 g4 43. Ne3+ Kg5 44. Nxg4 h5 45. Kc4 Nc2 46. Nf2
Kf5 47. b4 Ne3+ 48. Kd3 Nd5 49. b5 Nb6 50. g4+ hxg4 51. hxg4+ Kg5 52. Kd4 Kf4
53. Kc5 Nd7+ 54. Kc6 {Black forfeits on time} 1-0

[Event "Team 45 45 League T49"]
[Site "Internet Chess Club"]
[Date "2011.06.01"]
[Round "3"]
[White "chips"]
[Black "JimGaming"]
[Result "0-1"]
[WhiteElo "1197"]
[BlackElo "1225"]
[Opening "Sicilian: Hungarian variation"]
[ECO "B27"]
[Time "14:20:08"]
[TimeControl "2700+45"]

1. Nf3 c5 2. e4 g6 3. d3 Bg7 4. g3 Nc6 5. Bg2 e6 6. O-O Nge7 7. Nbd2 O-O 8. a3
d5 9. exd5 exd5 10. Nb3 b6 11. c3 Bb7 12. Nbd2 a5 13. Re1 Nf5 14. Bh3 Bc8 15.
Bg2 Ba6 16. d4 cxd4 17. cxd4 Nfxd4 18. Nxd4 Bxd4 19. Nf3 Bg7 20. h4 Bc4 21. Bf1
b5 22. Bxc4 bxc4 23. Bg5 f6 24. Be3 Re8 25. Bf4 a4 26. Rxe8+ Qxe8 27. Qe1 Qxe1+
28. Rxe1 Na5 29. Nd4 Nb3 30. Ne6 Re8 31. Kf1 f5 32. Nxg7 Rxe1+ 33. Kxe1 Kxg7 34.
Be5+ Kf7 35. f4 Nc1 36. Kd2 Nd3 37. Kc3 Nxe5 38. fxe5 Ke6 39. Kd4 h6 40. h5 g5
{White resigns} 0-1

[Event "Team 45 45 League T49"]
[Site "Internet Chess Club"]
[Date "2011.05.29"]
[Round "3"]
[White "sere"]
[Black "bhandelman"]
[Result "1-0"]
[WhiteElo "1227"]
[BlackElo "1124"]
[Opening "QGD: Ragozin variation"]
[ECO "D38"]
[Time "12:10:49"]
[TimeControl "2700+45"]

1. d4 d5 2. c4 Nf6 3. Nc3 e6 4. Nf3 Bb4 5. Bd2 c5 6. e3 Nc6 7. Bd3 O-O 8. O-O
Qd6 9. Nb5 Qb8 10. Bxb4 Nxb4 11. dxc5 Nxd3 12. Qxd3 Rd8 13. Qd4 e5 14. Nxe5 Be6
15. c6 bxc6 16. Nxc6 dxc4 17. Nxb8 Rxd4 18. exd4 Rxb8 19. a4 a6 20. Nc7 Bf5 21.
Nxa6 Rxb2 22. a5 Rd2 23. Nc7 Rxd4 24. a6 Be4 25. a7 Rd8 26. a8=Q Bxa8 27. Nxa8
Nd5 28. Rfd1 Kf8 29. Nb6 Nxb6 30. Rxd8+ Ke7 31. Rb8 {Black resigns} 1-0

[Event "Team 45 45 League T49"]
[Site "Internet Chess Club"]
[Date "2011.05.30"]
[Round "3"]
[White "kingsleywang"]
[Black "joshq03"]
[Result "0-1"]
[WhiteElo "1392"]
[BlackElo "1262"]
[Opening "Ruy Lopez: Berlin defense, 4.O-O, d6"]
[ECO "C66"]
[Time "18:00:14"]
[TimeControl "2700+45"]

1. e4 e5 2. Nf3 Nc6 3. Bb5 d6 4. O-O Nf6 5. Re1 Be7 6. d4 O-O 7. Bxc6 bxc6 8.
dxe5 dxe5 9. Nxe5 Qxd1 10. Rxd1 Nxe4 11. Nxc6 Bc5 12. Rf1 Ba6 13. Rd1 Nxf2 14.
Rd5 Ne4+ 15. Kh1 Nf2+ 16. Kg1 Bb6 17. Nc3 Rfe8 18. Bg5 Bb7 19. Ne7+ Kh8 20. Rd7
Ne4+ 21. Be3 Bxe3+ 22. Kf1 Ba6+ 23. Ne2 Bb6 24. Re1 Nf6 25. Ng6+ fxg6 {White
resigns} 0-1

[Event "Team 45 45 League T49"]
[Site "Internet Chess Club"]
[Date "2011.05.28"]
[Round "3"]
[White "wildcat2023"]
[Black "Deadly-Spike"]
[Result "1-0"]
[WhiteElo "1400"]
[BlackElo "1370"]
[Opening "Sicilian"]
[ECO "B56"]
[Time "17:08:04"]
[TimeControl "2700+45"]

1. e4 c5 2. Nf3 d6 3. d4 cxd4 4. Nxd4 Nf6 5. Nc3 Nc6 6. Bb5 Bd7 7. Bg5 Nxd4 8.
Bxd7+ Nxd7 9. Qxd4 Qa5 10. Bd2 Qe5 11. Qc4 Qc5 12. Qd3 Ne5 13. Qe2 g6 14. Be3
Qc6 15. Bd4 Bg7 16. O-O-O O-O 17. Nd5 Rfe8 18. Kb1 a5 19. f4 Nd7 20. Bxg7 Kxg7
21. Rd3 Rac8 22. Rc3 Nc5 23. a3 Qb5 24. Qxb5 {Black resigns} 1-0

[Event "Team 45 45 League T49"]
[Site "Internet Chess Club"]
[Date "2011.05.28"]
[Round "3"]
[White "XGG123"]
[Black "Nosaj"]
[Result "0-1"]
[WhiteElo "870"]
[BlackElo "1342"]
[Opening "Sicilian defense"]
[ECO "B33"]
[Time "10:45:32"]
[TimeControl "2700+45"]

1. e4 c5 2. Nf3 Nc6 3. d4 cxd4 4. Nxd4 Nf6 5. Nc3 e6 6. Bb5 a6 7. Ba4 Ne5 8. O-O
Be7 9. Bg5 Ng6 10. Qe2 O-O 11. e5 Nd5 12. Nxd5 exd5 13. Nf5 Bxg5 14. Qd1 Nxe5
15. Qd4 Qf6 16. Rfe1 Nf3+ 17. gxf3 Qxd4 18. Nxd4 d6 19. Re8 Be6 20. Nxe6 fxe6
21. Rxe6 Rxf3 22. Rae1 Raf8 23. Re8 Rxf2 24. Rxf8+ Rxf8 25. Re8 Rxe8 26. Bxe8 b6
27. Bd7 h6 28. Be6+ Kf8 29. Bxd5 Bf6 30. Kg2 Bxb2 31. Kg3 g5 32. Kf3 h5 33. Ke3
Kg7 34. Kd3 Ba3 35. Bc4 a5 36. Ba6 g4 37. Bb7 h4 38. Ke3 Kg6 39. Be4+ Kg5 40. c4
g3 41. hxg3 hxg3 42. Kf3 Kh4 43. Kf4 Kh3 44. Kf5 g2 45. Bxg2+ Kxg2 46. Ke4 Bc5
47. a4 Kf2 48. Kd5 Ke3 49. Kc6 Kd4 50. Kb5 d5 51. cxd5 Kxd5 52. Ka6 Kc4 53. Kb7
Kb4 54. Kc6 Kxa4 55. Kb7 b5 56. Ka6 b4 57. Kb7 b3 58. Kc6 b2 59. Kxc5 b1=Q 60.
Kc6 Qf5 61. Kd6 Kb5 62. Kc7 Qe6 63. Kb7 Qd7+ 64. Kb8 Kb6 65. Ka8 Qc8# {White
checkmated} 0-1

[Event "Team 45 45 League T49"]
[Site "Internet Chess Club"]
[Date "2011.05.28"]
[Round "3"]
[White "mitus"]
[Black "vaknight"]
[Result "1-0"]
[WhiteElo "1817"]
[BlackElo "1742"]
[Opening "Pirc: Austrian attack, 6.Bd3"]
[ECO "B09"]
[Time "09:00:26"]
[TimeControl "2700+45"]

1. e4 d6 2. d4 Nf6 3. Nc3 g6 4. f4 Bg7 5. Nf3 O-O 6. Bd3 c5 7. O-O cxd4 8. Nxd4
Ng4 9. Be2 h5 10. h3 Qb6 11. hxg4 Bxd4+ 12. Kh2 hxg4 13. Nd5 Qc5 14. b4 Qxd5 15.
exd5 Bxa1 16. Bxg4 f5 17. Be2 Nd7 18. Be3 Bg7 19. Bd4 Nf6 20. g3 Kf7 21. c4 Bd7
22. Kg2 Rh8 23. Rh1 Rxh1 24. Kxh1 a6 25. Kg2 Rh8 26. Bf3 Rh7 27. c5 Ng4 28. Bxg4
fxg4 29. Bxg7 Rxg7 30. Qe2 Rg8 31. Qc2 Rc8 32. a4 e6 33. dxe6+ Bxe6 34. Qe4 d5
35. Qe5 Rd8 36. Qc7+ Rd7 37. Qe5 d4 38. Qe2 d3 39. Qd2 Bd5+ 40. Kf2 Bf3 41. b5
axb5 42. axb5 Ke8 43. Ke3 Re7+ 44. Kd4 Kd8 45. Qa5+ Kc8 46. Kxd3 Be4+ 47. Kd4
Bf5 48. Qa8+ Kc7 49. b6+ {Black resigns} 1-0

[Event "Team 45 45 League T49"]
[Site "Internet Chess Club"]
[Date "2011.05.28"]
[Round "3"]
[White "Giacometti"]
[Black "clarinetref"]
[Result "1/2-1/2"]
[WhiteElo "1644"]
[BlackElo "1623"]
[Opening "Sicilian: Grand Prix attack"]
[ECO "B21"]
[Time "10:03:31"]
[TimeControl "2700+45"]

1. f4 c5 2. e4 Nc6 3. Nf3 d6 4. g3 g6 5. Bg2 Bg7 6. O-O Nf6 7. d3 O-O 8. c3 Rb8
9. Nbd2 b5 10. d4 cxd4 11. Nxd4 Ng4 12. Nxc6 Qb6+ 13. Nd4 Ne3 14. Qe2 Nxf1 15.
Kxf1 Bxd4 16. cxd4 Qxd4 17. Nb3 Qf6 18. Be3 e5 19. Bxa7 Ra8 20. Bf2 b4 21. Kg1
Be6 22. Qd3 Rac8 23. Qxd6 Rc2 24. Qxb4 Rxb2 25. Qc3 Re2 26. Bf3 Rc8 27. Qxc8+
Bxc8 28. Bxe2 exf4 29. gxf4 Qxf4 30. Bf1 Qg4+ 31. Bg2 Bb7 32. Re1 f5 33. h3 Qg5
34. Kh2 h5 35. h4 Qg4 36. Re3 Bxe4 37. Bxe4 Qf4+ 38. Kg1 fxe4 39. Nc5 Qg4+ 40.
Kf1 Qd1+ 41. Re1 Qd5 42. Nxe4 Qxa2 43. Ng5 Qc4+ 44. Kg2 Qc6+ 45. Kh2 Qd6+ 46.
Bg3 Qd2+ 47. Kh3 Qd7+ 48. Kg2 Qd5+ 49. Ne4 Qa2+ 50. Bf2 Qd5 51. Kg1 Qf5 52. Ng5
{Game drawn by mutual agreement} 1/2-1/2

[Event "Team 45 45 League T49"]
[Site "Internet Chess Club"]
[Date "2011.05.30"]
[Round "3"]
[White "PostMike"]
[Black "DanMcClintic"]
[Result "0-1"]
[WhiteElo "1492"]
[BlackElo "1602"]
[Opening "Caro-Kann: classical, Spassky variation"]
[ECO "B19"]
[Time "14:30:12"]
[TimeControl "2700+45"]

1. e4 c6 2. d4 d5 3. Nc3 dxe4 4. Nxe4 Bf5 5. Ng3 Bg6 6. h4 h6 7. Nf3 Nd7 8. h5
Bh7 9. Bd3 Bxd3 10. Qxd3 Ngf6 11. Bf4 e6 12. O-O-O Nd5 13. Bd2 Bd6 14. Ne4 Bc7
15. c4 N5f6 16. d5 cxd5 17. cxd5 Nxd5 18. Nc3 N7f6 19. Kb1 O-O 20. Nxd5 Nxd5 21.
g4 Bf4 22. Qe4 Qf6 23. Bxf4 Qxf4 24. Qxf4 Nxf4 25. Rd4 Nd5 26. Ne5 Rfd8 27. Rhd1
Rac8 28. a3 Kf8 29. Nc4 Ke7 30. Ne3 Nxe3 31. fxe3 Rxd4 32. Rxd4 Rd8 33. Rc4 Rd7
34. Kc2 Kf6 35. b4 Kg5 36. b5 f5 37. gxf5 exf5 38. Rc5 Re7 39. Kd3 Kxh5 40.
Rxf5+ Kg4 41. Rf4+ Kg5 42. Ke2 h5 43. Rf1 h4 44. Rg1+ Kh5 45. Kf3 g5 46. a4 Rg7
47. e4 g4+ 48. Kg2 Re7 49. Re1 Kg5 50. Kf2 Kf4 {White resigns} 0-1

[Event "Team 45 45 League T49"]
[Site "Internet Chess Club"]
[Date "2011.05.26"]
[Round "3"]
[White "oldprez"]
[Black "Aquaman"]
[Result "0-1"]
[WhiteElo "1352"]
[BlackElo "1298"]
[Opening "QP counter-gambit: Maroczy gambit"]
[ECO "C40"]
[Time "20:00:28"]
[TimeControl "2700+45"]

1. e4 e5 2. Nf3 d5 3. exd5 Bd6 4. Nc3 Nf6 5. Qe2 O-O 6. Qc4 Re8 7. d3 a6 8. Bg5
Nbd7 9. Ne4 h6 10. Nxd6 cxd6 11. Bh4 b5 12. Qc7 Qxc7 {White resigns} 0-1

[Event "Team 45 45 League T49"]
[Site "Internet Chess Club"]
[Date "2011.05.27"]
[Round "3"]
[White "Razorbackchess"]
[Black "Tamarin"]
[Result "1-0"]
[WhiteElo "1845"]
[BlackElo "1804"]
[Opening "English opening"]
[ECO "A20"]
[Time "20:36:32"]
[TimeControl "2700+45"]

1. c4 e5 2. g3 Nc6 3. Bg2 Bc5 4. Nc3 d6 5. a3 a6 6. e3 Nf6 7. Nge2 O-O 8. O-O
Be6 9. d4 exd4 10. exd4 Nxd4 11. Nxd4 Bxc4 12. Re1 c6 13. Be3 Qd7 14. b3 Be6 15.
Nxe6 fxe6 16. Bxc5 dxc5 17. Qxd7 Nxd7 18. Rxe6 Rad8 19. Rd1 Nf6 20. Rxd8 Rxd8
21. Re7 Rd3 22. Re3 Rd2 23. Bf3 Kf7 24. Ne4 Nd5 25. Nxd2 Nxe3 26. fxe3 Ke6 27.
Ne4 Kd5 28. Ng5+ Kd6 29. Nxh7 b5 30. Kf1 c4 31. bxc4 bxc4 32. Ke1 Kc5 33. Kd2
Kb5 34. Kc3 Kc5 35. Be2 a5 36. Bxc4 Kd6 37. Kd4 c5+ 38. Ke4 Kc6 39. Kf5 Kd6 40.
Nf8 Ke7 {Black resigns} 1-0

[Event "Team 45 45 League T49"]
[Site "Internet Chess Club"]
[Date "2011.05.30"]
[Round "3"]
[White "room-matt"]
[Black "parrot9"]
[Result "1-0"]
[WhiteElo "1674"]
[BlackElo "1584"]
[Opening "Richter-Veresov attack"]
[ECO "D01"]
[Time "15:05:00"]
[TimeControl "2700+45"]

1. d4 d5 2. Nc3 Nf6 3. Bg5 Nbd7 4. Nf3 e6 5. e3 Be7 6. Bd3 O-O 7. O-O h6 8. Bh4
a6 9. Re1 c5 10. Qd2 c4 11. Be2 b5 12. a3 Bb7 13. Bg3 b4 14. axb4 Bxb4 15. Qc1
Ne4 16. Nxe4 Bxe1 17. Nd6 Bb4 18. Nxb7 Qb6 19. Nc5 Bxc5 20. dxc5 Nxc5 21. Ne5 f6
22. Ng6 Rfe8 23. Bf3 Rad8 24. Rb1 Ne4 25. Bxe4 dxe4 26. Qf1 Kf7 27. Nf4 e5 28.
Qxc4+ Re6 29. Nxe6 Qxe6 30. Qxe4 Qa2 31. c4 Qxb2 32. h3 Qe2 33. Rb7+ Kf8 34. Qh7
{Black resigns} 1-0